 Dungeon Crawl Stone Soup version 0.22-a0-389-g8519d86 (webtiles) character file.

53 Falco the Stinger (level 3, -4/26 HPs)
             Began as a Draconian Venom Mage on Apr 30, 2018.
             Slain by a gnoll
             ... wielding a +2 spear of freezing
              (6 damage)
             ... on level 2 of the Dungeon.
             The game lasted 00:11:40 (1424 turns).

Falco the Stinger (Draconian Venom Mage)            Turns: 1424, Time: 00:11:41

Health: -4/26      AC:  5    Str: 11    XL:     3   Next: 64%
Magic:  2/6        EV: 12    Int: 15    God:
Gold:   96         SH:  0    Dex: 11    Spells: 0/6 levels left

rFire    . . .     SeeInvis .   a - +0 mace (crush)
rCold    . . .     Gourm    .   (no shield)
rNeg     . . .     Faith    .   (armour unavailable)
rPois    .         Spirit   .   (helmet restricted)
rElec    .         Reflect  .   (no cloak)
rCorr    .         Harm     .   (no gloves)
MR       .....                  (no boots)
Stlth    ++........             (no amulet)
HPRegen  0.08/turn              (no ring)
MPRegen  0.10/turn              (no ring)

@: very slightly contaminated
A: unfitting armour, cold-blooded, AC +5
a: no special abilities


You were on level 2 of the Dungeon.
You were not hungry.

You visited 1 branch of the dungeon, and saw 2 of its levels.

You collected 96 gold pieces.

Inventory:

Hand Weapons
 a - a +0 mace of crushing (weapon)
 b - a +0 hunting sling
 c - a +0 club
Missiles
 d - 2 needles of confusion
 h - 45 stones (quivered)
Scrolls
 f - 3 scrolls of enchant armour {unknown}
 i - a scroll of immolation {unknown}
Potions
 e - 2 potions of heal wounds {unknown}
 j - a potion of curing {unknown}
Comestibles
 g - 3 rations


   Skills:
 + Level 2.1 Dodging
 + Level 2.2 Stealth
 + Level 2.3 Spellcasting
 + Level 1.6 Conjurations
 + Level 3.6 Poison Magic


You couldn't memorise any spells.
You knew the following spells:

 Your Spells              Type           Power        Failure   Level  Hunger
a - Sting                 Conj/Pois      #...         7%          1    #......
b - Poisonous Vapours     Pois/Air       #.....       16%         2    ###....
c - Mephitic Cloud        Conj/Pois/Air  #.......     30%         3    ###....


Dungeon Overview and Level Annotations

Branches:
Dungeon (2/15)

Altars:
Fedhas
Gozag
Uskayaw


Innate Abilities, Weirdness & Mutations

Your plain brown scales are hard. (AC +5)
You cannot fit into any form of body armour.
You are cold-blooded and may be slowed by cold attacks.


Message History

Poisonous vapours surround the gnoll!
The gnoll closely misses you.
The gnoll is engulfed in poison gas.
The gnoll is poisoned.
The gnoll completely misses you. The gnoll barely misses you.
Your Stealth skill increases to level 2!
You feel a bit more experienced.
Casting: Poisonous Vapours (safe; 16% risk of failure)
Confirm with . or Enter, or press ? or * to list all spells.
Aiming: Sting (safe; 7% risk of failure)
Press: ? - help, Shift-Dir - straight line, f - gnoll
Aim: a gnoll (severely wounded)
You miscast Sting.
You are very lightly contaminated with residual magic.
You are momentarily dazzled by a flash of light!
You closely miss the gnoll.
The gnoll is severely wounded.
The gnoll hits you. The gnoll hits you!
* * * LOW HITPOINT WARNING * * *
The gnoll hits you from afar with a spear of freezing.
You die...

#.....g........#
#..g...........#
#.g.†.>........#
#.###..........#
######.#
#..........#
#......#
#..........#
###g####
#..........
###g####
#.........
#...@..#
#........
######.# #######
#.# #.#
#.###########
#...........#
###########.#
#.# #.#


You could see 2 gnolls.

Vanquished Creatures
  A gnoll (D:2)
  An adder (D:2)
  2 dart slugs
  4 goblins
  A hobgoblin (D:1)
  6 jackals (D:1)
  A ball python (D:1)
  7 bats
  3 frilled lizards (D:1)
  3 kobolds
  4 rats
33 creatures vanquished.

Notes
Turn   | Place    | Note
-------+----------+-------------------------------------------
     0 | D:1      | Falco the Draconian Venom Mage began the quest for the Orb.
     0 | D:1      | Reached XP level 1. HP: 14/14 MP: 3/3
   233 | D:1      | Reached XP level 2. HP: 20/20 MP: 3/5
   237 | D:1      | Learned a level 2 spell: Poisonous Vapours
  1030 | D:2      | Reached XP level 3. HP: 26/26 MP: 6/6
  1035 | D:2      | Learned a level 3 spell: Mephitic Cloud
  1283 | D:2      | Found a hide-covered altar of Uskayaw.
  1286 | D:2      | Found an opulent altar of Gozag.
  1293 | D:2      | Found a blossoming altar of Fedhas.
  1424 | D:2      | Slain by a gnoll

Vault maps used:
D:1:      co_arrival_square_in_a_square_in_a_square
D:2:      grunt_temple_overflow_diamond, first_ration

Skill      XL: |  1  2  3 |
---------------+----------+-----
Dodging        | 2 |  2.1
Stealth        | 2 |  2.2
Spellcasting   | |  2.3
Conjurations   | |  1.6
Poison Magic   | |  3.6

Action                   || total
-------------------------++-------
Melee: Club              ||    34
       Unarmed           ||     3
       Tailslap          ||     4
       Mace              ||    15
Throw: Stone             ||     4
 Cast: Sting             ||    39
       Poisonous Vapours ||     2
 Stab: Sleeping          ||     1
  Eat: Ration            ||     1
Armor: Skin              ||    25
Dodge: Dodged            ||    51

Table legend:
 A = Spawn XP
 B = Non-spawn XP
 C = Spawn XP percentage of total XP
 D = Spawn monster count
 E = Non-spawn monster count
 F = Spawn count percentage of total count
 G = Total turns spent on level
                    A         B        C        D         E        F      G
               +---------+---------+-------+---------+---------+-------+---------
         Total |       0 |      77 |   0.0 |       0 |      33 |   0.0 |  1424
               +---------+---------+-------+---------+---------+-------+---------
           D:1 |       0 |      36 |   0.0 |       0 |      23 |   0.0 |   903
           D:2 |       0 |      41 |   0.0 |       0 |      10 |   0.0 |   521
               +---------+---------+-------+---------+---------+-------+---------
